Map: Cerulean Fall LE

Players

Serral - Winner!

  • Race: Zerg Zerg
  • League: Master
  • Spawn Location: 7:00

soul

  • Race: Terran Terran
  • Spawn Location: 1:00

Event: HomeStory Cup XVIII

VOD

Have the link to the VOD?

Description

Time

  • Played on: Nov. 23, 2018, 11:37 a.m.
  • Length: 5:58

All games in this series

Show
View Real Time Build Order
Export as new Build Order

Serral Zerg - Winner!

Build Orders: Pool First 

Get SALT Encoding   

  12  0:01  Drone  
  13  0:12  Overlord  
  13  0:17  Drone  
  14  0:31  Drone x2  
  16  0:40  Spawning Pool  
  15  0:45  Drone  
  15  0:49  Drone  
  17  1:09  Hatchery  
  16  1:12  Drone  
  17  1:25  Extractor  
  17  1:27  Zergling x4  
  17  1:28  Zergling x2  
  19  1:32  Queen  
  21  1:40  Overlord  
  21  1:50  Drone  
  22  2:02  Drone  
  22  2:08  Queen  
  23  2:11  Drone  
  26  2:21  Drone  
  26  2:22  Drone  
  28  2:34  Drone x2, Metabolic Boost  
  30  2:42  Drone x2  
  30  2:43  Drone x2  
  33  2:47  Queen  
  34  2:52  Overlord  
  34  2:54  Drone  
  34  2:58  Drone  
  35  3:10  Hatchery  
  34  3:13  Drone  
  34  3:14  Drone  
  34  3:16  Drone  
  34  3:18  Drone  
  34  3:19  Drone  
  39  3:22  Drone  
  39  3:23  Drone  
  41  3:27  Overlord  
  41  3:30  Zergling x2  
  42  3:35  Roach Warren  
  42  3:36  Extractor  
  42  3:38  Drone  
  41  3:42  Drone  
  41  3:47  Drone  
  43  3:51  Drone x2  
  43  3:53  Zergling x2  
  46  3:56  Overlord  
  46  3:57  Overlord  
  46  4:01  Zergling x6  
  49  4:16  Roach x3  
  55  4:24  Roach x2  
  59  4:26  Roach x4  
  67  4:32  Overlord  
  67  4:34  Roach  
  67  4:35  Roach x2  
  67  4:38  Overlord  
  73  4:42  Overlord  
  72  4:59  Zergling x16  
  77  5:07  Zergling x2  
  77  5:09  Zergling x4  
  79  5:16  Zergling x2  
  79  5:18  Zergling x6  
  79  5:19  Zergling x6  
  86  5:25  Zergling x2  
  87  5:29  Zergling x4  
  89  5:37  Overlord  
  89  5:39  Zergling x8  
  89  5:40  Ravager x5  
Show
View Real Time Build Order
Export as new Build Order

soul Terran 

Build Orders: Liberator Opening, Reaper Expand 

Get SALT Encoding   

  12  0:00  SCV  
  13  0:12  SCV  
  14  0:17  Supply Depot  
  14  0:24  SCV  
  15  0:39  SCV  
  15  0:40  Barracks  
  16  0:46  Refinery  
  16  0:51  SCV  
  17  1:03  SCV  
  18  1:18  SCV  
  19  1:30  Reaper  
  19  1:31  Orbital Command  
  20  1:41  Command Center  
  20  1:51  Supply Depot  
  20  1:57  SCV  
  21  2:02  Marine  
  21  2:06  Factory  
  22  2:09  SCV  
  22  2:13  Refinery  
  23  2:21  SCV  
  24  2:24  Barracks Reactor  
  24  2:33  SCV  
  24  2:45  SCV  
  25  2:57  SCV  
  26  2:58  Starport  
  26  3:09  Hellion, SCV  
  26  3:10  Hellion  
  31  3:18  Orbital Command  
  31  3:20  Barracks Tech Lab  
  31  3:23  SCV  
  32  3:30  Supply Depot  
  32  3:33  Hellion x2  
  36  3:34  Liberator  
  36  3:38  SCV  
  37  3:44  SCV  
  37  3:45  Barracks Tech Lab  
  38  3:50  SCV  
  42  3:58  Hellion  
  42  3:59  Hellion, SCV  
  47  4:03  SCV  
  47  4:07  Marine  
  49  4:12  SCV  
  49  4:13  Supply Depot  
  49  4:15  SCV  
  51  4:24  SCV  
  54  4:29  Marine, SCV  
  54  4:36  Command Center, SCV  
  54  4:38  Supply Depot  
  55  4:41  SCV  
  56  4:47  Marine  
  56  4:48  SCV  
  55  4:53  SCV  
  55  4:55  Factory Reactor  
  54  5:00  SCV  
  54  5:03  Starport Reactor  
  54  5:04  Barracks  
  54  5:06  SCV  
  54  5:07  Marine  
  54  5:08  Barracks  
  54  5:12  SCV  
  54  5:18  SCV  
  53  5:22  Bunker  
  53  5:24  SCV  
  53  5:25  Marine  
  55  5:30  SCV  
  55  5:35  Supply Depot x2  
  50  5:41  Factory Tech Lab  
  51  5:42  Supply Depot  
  51  5:43  Supply Depot  
  51  5:48  Supply Depot  
Tags
 
Add a new tag
Caveats
  • Supply blocks, unpowered buildings, or Contaminate may cause inaccurate times.
  • Supply counts are checked every 10 seconds.